 Dungeon Crawl Stone Soup version 0.30.0-15-g856e2d3f33 (webtiles) character file.

Game seed: 4580183080987242063

177471 qw the Severer (level 18, -14/122 HPs)
             Began as a Gargoyle Fighter on May 20, 2023.
             Was an Elder of Okawaru.
             Demolished by a naga warrior
             ... wielding a +0 trident
              (17 damage)
             ... on level 4 of the Snake Pit.
             The game lasted 00:16:33 (31331 turns).

qw the Severer (Gargoyle Fighter)                  Turns: 31331, Time: 00:16:33

Health: -14/122    AC: 44    Str: 35    XL:     18   Next: 16%
Magic:  25/25      EV: 13    Int: 10    God:    Okawaru [****..]
Gold:   698        SH: 19    Dex:  9    Spells: 17/17 levels left

rFire   + . .        Y - +2 broad axe (flame)
rCold   . . .        o - +0 kite shield {rF+}
rNeg    + . .        p - +6 scale mail of Beogh's Approval {Rampage Str+2 SInv}
rPois   inf          l - +2 helmet
rElec   +            v - +0 cloak
rCorr   .            e - +2 pair of gloves
SInv    +            u - +0 pair of boots
Will    +....        y - amulet of reflection
Stlth   +            m - +4 ring of protection
HPRegen 0.40/turn    B - +6 ring of strength
MPRegen 0.19/turn

%: reflection, rampage
@: heroic, flying
A: sickness immunity, AC +13, big wings, negative energy resistance 1,
electricity resistance, torment resistance 1, petrification resistance
a: Renounce Religion, Heroism, Finesse


You were on level 4 of the Snake Pit.
You worshipped Okawaru.
Okawaru was greatly pleased with you.
You visited 5 branches of the dungeon, and saw 29 of its levels.

You collected 3144 gold pieces.
You spent 2446 gold pieces at shops.


Innate Abilities, Weirdness & Mutations

You are immune to sickness and miasma.
Your stone body is resilient. (AC +13)
You are immune to poison.
Your large and strong wings let you fly.
You resist negative energy. (rN+)
You are resistant to electric shocks. (rElec)
You are resistant to unholy torment.
You are immune to petrification.


   Skills:
 + Level 16.9(21.9) Fighting
 - Level 18.0(23.0) Axes
 - Level 9.0(14.0) Throwing
 - Level 11.0(16.0) Armour
 - Level 5.0(10.0) Dodging
 - Level 15.0(20.0) Shields
 - Level 10.0 Invocations


You had 17 spell levels left.
You didn't know any spells.
Your spell library was empty.

Inventory:

Hand Weapons
 Y - a +2 broad axe of flaming (weapon)
Missiles
 i - a silver javelin (quivered)
 q - 2 boomerangs of dispersal
 r - 3 javelins
 t - 15 boomerangs
Armour
 e - a +2 pair of gloves (worn)
 f - +0 acid dragon scales
 l - a +2 helmet (worn)
 o - a +0 kite shield of fire resistance (worn)
 p - the +6 scale mail of Beogh's Approval (worn) {Rampage Str+2 SInv}
   (You found it on level 4 of the Lair of Beasts)

   Str:       It affects your strength (+2).
   SInv:      It lets you see invisible.
   Rampage:   It bestows one free step when moving towards enemies.
 u - a +0 pair of boots (worn)
 v - a +0 cloak (worn)
 w - a +0 plate armour of cold resistance
 z - a +1 plate armour of willpower
 A - a +1 plate armour of fire resistance
Jewellery
 m - a +4 ring of protection (left hand)
 y - an amulet of reflection (around neck)
 B - a +6 ring of strength (right hand)
 C - the ring of Xom's Whimsicality {rF+++ rN+ Str-2 Dex+3 Stlth+}
   (You bought it in a shop on level 2 of the Orcish Mines)

   [ring of positive energy]

   Str:       It affects your strength (-2).
   Dex:       It affects your dexterity (+3).
   rF:        It renders you almost immune to fire.
   rN:        It protects you from negative energy.
   Stlth:     It makes you more stealthy.
 D - a ring of ice
 E - a ring of resist corrosion
 F - a ring of protection from cold
Scrolls
 a - 25 scrolls of identify
Potions
 b - 6 potions of mutation
 d - 6 potions of might
 g - 5 potions of attraction
 h - 12 potions of curing
 j - 5 potions of haste
 n - a potion of lignification
 s - 3 potions of resistance
 x - 2 potions of cancellation

Dungeon Overview and Level Annotations

Branches:
Dungeon (15/15)            Temple (0/1) D:6            Lair (5/5) D:9
  Swamp (3/4) Lair:3        Snake (4/4) Lair:2        Slime (0/5) Lair:5
    Orc (2/2) D:11            Elf (0/3) Orc:2        Vaults (0/5) D:14
 Depths (0/4) D:15

Altars:
Cheibriados
Dithmenos
Elyvilon
Fedhas
Hepliaklqana
Kikubaaqudgha
Nemelex Xobeh
Okawaru
Ru
Wu Jian
Xom
The Shining One
Jiyva

Shops:
D:1 *   Orc:2 ([[*=

Portals:
Trove: D:11 (lose all piety)

Annotations:
D:4 2 runed translucent doors, qw's ghost, amateur GrCA
D:7 2 runed translucent doors, Crazy Yiuf; qw's ghost, novice GrCA
D:14 1 runed translucent door, Kilet's ghost, adept GrEE


Message History

The naga no longer looks unusually strong.
The salamander no longer looks unusually strong.
The naga warrior hits you but does no damage.
The naga warrior hits you from afar with a +0 trident!
The naga closely misses you. You block the naga's attack.
The naga constricts you.
You slash the naga! You burn the naga.
The naga is moderately wounded.
The naga warrior spits poison at you.
The splash of poison hits you but does no damage.
You resist.
The naga warrior hits you but does no damage.
The naga spits poison at you.
You block splash of poison... and reflect it back!
The splash of poison hits the naga.
The naga constricts you.
The naga warrior hits you but does no damage.
The naga spits poison at you.
You block splash of poison... and reflect it back!
The splash of poison hits the naga.
The naga completely resists.
The naga warrior roars a battlecry!
The nagas go into a battle-frenzy!
You barely miss the naga.
The naga is moderately wounded.
You block the naga warrior's attack. x2
You slash the naga! You burn the naga.
The naga is almost dead.
The naga hits you but does no damage. You block the naga's attack.
The naga constricts you. The naga warrior completely misses you.
You block the naga warrior's attack.
You slice the naga!! You burn the naga.
You kill the naga!
Okawaru accepts your kill.
The naga warrior hits you from afar with a +0 trident!!
You block the naga warrior's attack. You block the naga's attack.
The naga looks more healthy.
You block the naga's attack. x2
You slash the naga! You burn the naga!
You kill the naga!
Okawaru accepts your kill.
The naga warrior hits you from afar with a +0 trident!
You die...

.........#
........
#......#
#......#
#......#
#...N..# #.)NN#
#..()#
#..@)#######
#...#..<......#
#.. #.........#
#. #.........#
# #.........#
..........#
##.........#
#.........#
#.........#


You could see 2 naga warriors and a salamander (strong).

Vanquished Creatures
  Bai Suzhen (Snake:3)
  A tentacled monstrosity (Swamp:3)
  Jorgrun (Orc:1)
  2 thorn hunters
  A nagaraja (Snake:3)
  Kirke (D:13)
  A frost giant (D:15)
  Aizul (Snake:3)
  2 orc warlords
  Nessos (D:14)
  4 eleionomae
  6 bunyips
  A rakshasa (D:15)
  An entropy weaver (shapeshifter) (D:15)
  A salamander tyrant (Snake:2)
  A spriggan air mage (Swamp:1)
  10 hydras
  2 ogre magi (D:15)
  2 centaur warriors
  2 anacondas
  Erica (Lair:2)
  4 boulder beetles
  9 naga warriors
  13 two-headed ogres
  8 alligators
  A catoblepas (D:13)
  5 death yaks (Lair:5)
  5 tengu warriors
  5 orc high priests (Orc:2)
  8 naga sharpshooters
  2 shock serpents
  Urug (D:14)
  2 spriggan berserkers (Swamp:1)
  Nergalle (Lair:2)
  A salamander mystic (Snake:2)
  9 spriggan druids
  3 skeletal warriors (D:13)
  A goliath frog (Swamp:3)
  4 swamp dragons
  A sea snake (Snake:2)
  2 naga ritualists
  5 bog bodies
  8 mana vipers
  A deep elf pyromancer (D:13)
  5 will-o-the-wisps
  6 orc knights (Orc:2)
  8 ugly things
  A wolf spider (Lair:5)
  9 cyclopes
  7 salamanders
  3 manticores
  22 elephants
  20 black mambas
  4 guardian serpents
  7 naga magi
  2 unseen horrors
  11 cane toads
  A freezing wraith (D:15)
  2 yaktaurs
  6 komodo dragons
  2 gargoyles
  A rime drake (Lair:4)
  An efreet (D:14)
  2 kobold demonologists
  8 trolls
  A meliai (shapeshifter) (D:14)
  4 tyrant leeches
  8 blink frogs
  12 hornets
  11 dream sheep
  3 vampires
  A water elemental (D:11)
  15 slime creatures
  25 spriggans
  3 wraiths
  28 yaks
  A shadow (D:9)
  5 hogs (D:13)
  5 basilisks
  15 wyverns
  16 humans (D:14)
  Grum (D:8)
  A golden eye (shapeshifter) (D:13)
  3 steam dragons
  Edmund (D:5)
  8 vampire mosquitoes
  39 nagas
  9 swamp worms
  5 wargs
  2 acid dragons
  19 water moccasins
  5 swamp drakes
  An ice beast (D:9)
  40 orc warriors
  A black bear (D:6)
  12 ogres
  9 wolves
  8 centaurs
  3 kobold brigands
  13 bullfrogs
  2 gnoll sergeants
  4 scorpions
  11 killer bees
  7 electric eels
  8 howler monkeys
  22 orc priests
  2 gnoll boudas
  6 hounds
  3 iguanas
  A jelly (D:6)
  2 sleepcaps
  Jessica (D:2)
  23 orc wizards
  A centaur simulacrum (D:9)
  A mummy (D:6)
  15 gnolls
  7 adders
  A river rat (D:6)
  A shadow imp (D:5)
  4 white imps
  3 ufetubi
  A worm (D:2)
  4 dart slugs
  96 orcs
  4 bats
  6 endoplasms
  2 giant cockroaches (D:6)
  8 goblins
  6 hobgoblins
  8 jackals (D:4)
  2 quokkas
  6 ball pythons
  A frilled lizard (D:2)
  23 kobolds
  4 rats
899 creatures vanquished.

Vanquished Creatures (others)
  An alligator (Swamp:2)
  A salamander mystic (Snake:4)
  A manticore (D:15)
  A tyrant leech (Swamp:1)
  A hornet (Swamp:1)
  A gnoll (D:9)
  18 foxfires
24 creatures vanquished.

Grand Total: 923 creatures vanquished

Notes
Turn   | Place    | Note
-------+----------+-------------------------------------------
     0 | D:1      | qw the Gargoyle Fighter began the quest for the Orb.
     0 | D:1      | Reached XP level 1. HP: 14/14 MP: 1/1
     0 | D:1      | 0 ||| qw: Version: 0.2-a-97-g6b18286
     0 | D:1      | 0 ||| qw: Game counter: 29
     0 | D:1      | 0 ||| qw: Always use a shield: true
     0 | D:1      | 0 ||| qw: God list: Okawaru
     0 | D:1      | 0 ||| qw: Allow faded altars: false
     0 | D:1      | 0 ||| qw: Do Orc after D:15 true
     0 | D:1      | 0 ||| qw: Do second Lair branch before Depths: true
     0 | D:1      | 0 ||| qw: Lair rune preference: random
     0 | D:1      | 0 ||| qw: Plans: Normal, Zot:1-4, God:TSO, Crypt, Tomb,
                  | Pan, Slime:5, Hells, Abyss, Win
     0 | D:1      | 0 ||| PLANNING D:1-11
    83 | D:1      | Reached skill level 2 in Axes
   282 | D:1      | Reached XP level 2. HP: 13/19 MP: 2/2
   373 | D:1      | Found Yceupny's Assorted Antiques.
   379 | D:1      | 379 ||| BUYING fuming green potion (14 gold).
   379 | D:1      | Bought a fuming green potion for 14 gold pieces
   379 | D:1      | 379 ||| BUYING grey potion (14 gold).
   379 | D:1      | Bought a grey potion for 14 gold pieces
   379 | D:1      | 379 ||| SHOPLISTING large copper amulet (80 gold, have 4).
   379 | D:1      | 379 ||| SHOPLISTING puce potion (14 gold, have 4).
   379 | D:1      | 379 ||| SHOPLISTING scroll labelled NOITOAHYFI (16 gold,
                  | have 4).
   379 | D:1      | 379 ||| SHOPLISTING scroll labelled ODODEC QULUAM (16 gold,
                  | have 4).
   592 | D:1      | Found an ancient bone altar of Kikubaaqudgha.
   612 | D:1      | 612 ||| UPGRADING to +0 pair of gloves.
   617 | D:1      | 617 ||| UPGRADING to +0 helmet.
   622 | D:1      | 622 ||| UPGRADING to +0 chain mail.
   632 | D:1      | 632 ||| DROPPING +0 scale mail.
   633 | D:1      | 633 ||| READING scroll labelled ODODEC QULUAM.
   634 | D:1      | 634 ||| READING scroll labelled ZUPHIW DUETE.
   637 | D:1      | 637 ||| READING scroll labelled UHEODD VYSAEDO.
   638 | D:1      | 638 ||| READING 2 scrolls labelled NOITOAHYFI.
   643 | D:1      | 643 ||| READING scroll labelled XAXEENL ONAPSET.
   696 | D:2      | Reached skill level 3 in Axes
   696 | D:2      | Reached XP level 3. HP: 21/23 MP: 3/3
   720 | D:2      | Noticed Jessica
   724 | D:2      | Killed Jessica
   725 | D:2      | 725 ||| Stepping ~*~*~tactically~*~*~ (hiding).
   730 | D:2      | Reached XP level 4. HP: 28/28 MP: 4/4
   966 | D:2      | Reached skill level 4 in Axes
  1184 | D:2      | Reached XP level 5. HP: 30/32 MP: 5/5
  1381 | D:2      | 1381 ||| DRINKING 2 white potions.
  1395 | D:2      | 1395 ||| DRINKING 2 fuming green potions.
  1396 | D:2      | 1396 ||| DRINKING 2 grey potions.
  1397 | D:2      | 1397 ||| READING 5 scrolls of identify.
  1397 | D:2      | 1397 ||| IDENTIFYING smoky coppery potion
  1398 | D:2      | 1398 ||| READING 4 scrolls of identify.
  1398 | D:2      | 1398 ||| IDENTIFYING lumpy yellow potion
  1399 | D:2      | 1399 ||| READING 3 scrolls of identify.
  1399 | D:2      | 1399 ||| IDENTIFYING metallic white potion
  1400 | D:2      | 1400 ||| DROPPING potion of flight.
  1401 | D:2      | 1401 ||| DROPPING potion of degeneration.
  1461 | D:3      | 1461 ||| Stepping ~*~*~tactically~*~*~ (stealth).
  1687 | D:3      | Found a hazy altar of Hepliaklqana.
  1732 | D:3      | Reached skill level 5 in Axes
  1769 | D:3      | Found a white marble altar of Elyvilon.
  1830 | D:3      | Found an iron altar of Okawaru.
  1831 | D:3      | 1831 ||| PLANNING OKAWARU WORSHIP
  1831 | D:3      | 1831 ||| DRINKING 2 clear potions.
  1832 | D:3      | 1832 ||| READING 5 scrolls of identify.
  1832 | D:3      | 1832 ||| IDENTIFYING coppery potion
  1833 | D:3      | 1833 ||| READING 4 scrolls of identify.
  1833 | D:3      | 1833 ||| IDENTIFYING yellow potion
  1834 | D:3      | 1834 ||| DROPPING potion of invisibility.
  1842 | D:3      | Became a worshipper of Warmaster Okawaru
  1842 | D:3      | 1842 ||| PLANNING D:1-11
  1875 | D:4      | Noticed a centaur
  1884 | D:4      | Killed a centaur
  1885 | D:4      | Reached XP level 6. HP: 30/39 MP: 6/6
  2076 | D:4      | Found a runed translucent door.
  2077 | D:4      | Noticed qw's ghost (amateur GrCA)
  2143 | D:4      | Found a snail-covered altar of Cheibriados.
  2211 | D:4      | Found a runed translucent door.
  2591 | D:4      | 2591 ||| Stepping ~*~*~tactically~*~*~ (hiding).
  2594 | D:4      | 2594 ||| Stepping ~*~*~tactically~*~*~ (hiding).
  2596 | D:4      | 2596 ||| Stepping ~*~*~tactically~*~*~ (hiding).
  2606 | D:4      | Noticed a steam dragon
  2615 | D:4      | HP: 5/39 [steam dragon/ball of steam (26)]
  2616 | D:4      | 2616 ||| READING 2 scrolls of teleportation.
  2616 | D:4      | HP: 1/39 [steam dragon] (4)]
  2617 | D:4      | 2617 ||| DRINKING 3 potions of heal wounds.
  2727 | D:4      | 2727 ||| Stepping ~*~*~tactically~*~*~ (cloud).
  2731 | D:4      | Killed a steam dragon
  2731 | D:4      | Reached * piety under Okawaru
  2732 | D:4      | Reached skill level 6 in Axes
  2732 | D:4      | Reached XP level 7. HP: 31/44 MP: 7/7
  3064 | D:4      | 3064 ||| READING scroll labelled FEUTOGGEUSIFF.
  3165 | D:4      | 3165 ||| READING scroll labelled JYIBLIASOI.
  3188 | D:5      | Entered Level 5 of the Dungeon
  3198 | D:5      | Reached skill level 1 in Invocations
  3206 | D:5      | Reached skill level 1 in Dodging
  3360 | D:5      | 3360 ||| Stepping ~*~*~tactically~*~*~ (stealth).
  3489 | D:5      | 3489 ||| INVOKING Heroism.
  3633 | D:5      | 3633 ||| Stepping ~*~*~tactically~*~*~ (hiding).
  3765 | D:5      | 3765 ||| Stepping ~*~*~tactically~*~*~ (hiding).
  3767 | D:5      | 3767 ||| Stepping ~*~*~tactically~*~*~ (hiding).
  3768 | D:5      | 3768 ||| Stepping ~*~*~tactically~*~*~ (hiding).
  3770 | D:5      | 3770 ||| Stepping ~*~*~tactically~*~*~ (hiding).
  3782 | D:5      | Reached skill level 3 in Invocations
  3957 | D:5      | 3957 ||| DROPPING +0 whip.
  3986 | D:5      | 3986 ||| INVOKING Heroism.
  3995 | D:5      | Reached XP level 8. HP: 36/48 MP: 7/10
  4218 | D:5      | 4218 ||| READING 3 scrolls labelled NOSKUS BOSTRAI.
  4219 | D:5      | 4219 ||| READING 2 scrolls of enchant armour.
  4219 | D:5      | 4219 ||| ENCHANTING +0 pair of gloves.
  4220 | D:5      | 4220 ||| READING scroll of enchant armour.
  4220 | D:5      | 4220 ||| ENCHANTING +1 pair of gloves.
  4221 | D:5      | 4221 ||| READING scroll labelled TEPNEH BOLLEG.
  4222 | D:5      | 4222 ||| READING scroll labelled ZUATIOFESU.
  4223 | D:5      | 4223 ||| READING 5 scrolls of identify.
  4223 | D:5      | 4223 ||| IDENTIFYING amethyst potion
  4264 | D:6      | 4264 ||| PLANNING OSSUARY
  4265 | D:6      | Noticed Edmund
  4266 | D:6      | 4266 ||| INVOKING Heroism.
  4273 | D:6      | Reached skill level 7 in Axes
  4278 | D:6      | 4278 ||| STAIRDANCE
  4280 | D:5      | Killed Edmund
  4281 | D:5      | 4281 ||| INVOKING Heroism.
  4286 | D:5      | Reached skill level 1 in Throwing
  4404 | D:5      | 4404 ||| DROPPING +0 flail.
  4405 | D:5      | 4405 ||| DRINKING 2 lumpy sapphire potions.
  4405 | D:5      | Reached skill level 13 in Axes
  4405 | D:5      | Reached XP level 9. HP: 54/54 MP: 12/12
  4406 | D:5      | 4406 ||| DRINKING potion of experience.
  4406 | D:5      | Reached XP level 10. HP: 59/59 MP: 13/13
  4439 | D:6      | 4439 ||| DROPPING +0 heavy flail.
  4522 | D:6      | 4522 ||| INVOKING Heroism.
  4596 | D:6      | Reached skill level 6 in Fighting
  4737 | D:6      | Reached ** piety under Okawaru
  4887 | D:6      | Found a sacrificial altar of Ru.
  4918 | D:6      | 4918 ||| Stepping ~*~*~tactically~*~*~ (hiding).
  5025 | D:6      | 5025 ||| DROPPING +2 flail of protection.
  5039 | D:6      | Found a staircase to the Ecumenical Temple.
  5212 | D:6      | 5212 ||| RIP OSSUARY
  5212 | D:6      | 5212 ||| RIP SEWER
  5212 | D:6      | 5212 ||| PLANNING D:1-11
  5212 | D:6      | 5212 ||| DROPPING scarf of shadows.
  5213 | D:6      | 5213 ||| UPGRADING to ring of protection from cold.
  5214 | D:6      | 5214 ||| READING scroll labelled IFECZO ZIKHURAS.
  5329 | D:7      | 5329 ||| Stepping ~*~*~tactically~*~*~ (hiding).
  5330 | D:7      | 5330 ||| Stepping ~*~*~tactically~*~*~ (hiding).
  5333 | D:7      | 5333 ||| INVOKING Heroism.
  5416 | D:7      | 5416 ||| READING scroll of enchant weapon.
  5416 | D:7      | 5416 ||| ENCHANTING +1 war axe.
  5479 | D:7      | 5479 ||| INVOKING Heroism.
  5519 | D:7      | 5519 ||| SWAPPING to +1 war axe of electrocution.
  5520 | D:7      | 5520 ||| DROPPING +2 war axe.
  5529 | D:7      | Noticed a +0 whip of chaos
  5530 | D:7      | Found a runed translucent door.
  5530 | D:7      | Found a shimmering altar of Xom.
  5530 | D:7      | Noticed qw's ghost (novice GrCA)
  5606 | D:7      | 5606 ||| Stepping ~*~*~tactically~*~*~ (hiding).
  5640 | D:7      | 5640 ||| Stepping ~*~*~tactically~*~*~ (hiding).
  5777 | D:7      | 5777 ||| Stepping ~*~*~tactically~*~*~ (stealth).
  5780 | D:7      | 5780 ||| INVOKING Heroism.
  5967 | D:7      | Found a shadowy altar of Dithmenos.
  5987 | D:7      | 5987 ||| READING scroll of enchant weapon.
  5987 | D:7      | 5987 ||| ENCHANTING +1 war axe of electrocution.
  6114 | D:7      | Found a runed translucent door.
  6115 | D:7      | Noticed Crazy Yiuf
  6154 | D:7      | 6154 ||| UPGRADING to ring of willpower.
  6155 | D:7      | 6155 ||| UPGRADING to +4 ring of protection.
  6157 | D:7      | 6157 ||| UPGRADING to ring of protection from cold.
  6170 | D:8      | Noticed Grum
  6171 | D:8      | 6171 ||| INVOKING Heroism.
  6197 | D:8      | Killed Grum
  6322 | D:8      | 6322 ||| Stepping ~*~*~tactically~*~*~ (hiding).
  6323 | D:8      | 6323 ||| INVOKING Heroism.
  6341 | D:8      | Reached XP level 11. HP: 63/68 MP: 12/14
  6348 | D:8      | 6348 ||| INVOKING Heroism.
  6421 | D:8      | 6421 ||| Stepping ~*~*~tactically~*~*~ (hiding).
  6424 | D:8      | 6424 ||| Stepping ~*~*~tactically~*~*~ (hiding).
  6441 | D:8      | 6441 ||| Stepping ~*~*~tactically~*~*~ (stealth).
  6443 | D:8      | 6443 ||| Stepping ~*~*~tactically~*~*~ (hiding).
  6444 | D:8      | 6444 ||| Stepping ~*~*~tactically~*~*~ (hiding).
  6446 | D:8      | 6446 ||| Stepping ~*~*~tactically~*~*~ (hiding).
  6447 | D:8      | 6447 ||| Stepping ~*~*~tactically~*~*~ (hiding).
  6497 | D:8      | 6497 ||| Stepping ~*~*~tactically~*~*~ (stealth).
  6499 | D:8      | 6499 ||| Stepping ~*~*~tactically~*~*~ (stealth).
  6501 | D:8      | 6501 ||| Stepping ~*~*~tactically~*~*~ (stealth).
  6503 | D:8      | 6503 ||| Stepping ~*~*~tactically~*~*~ (stealth).
  6505 | D:8      | 6505 ||| Stepping ~*~*~tactically~*~*~ (stealth).
  6507 | D:8      | 6507 ||| Stepping ~*~*~tactically~*~*~ (stealth).
  6509 | D:8      | 6509 ||| Stepping ~*~*~tactically~*~*~ (stealth).
  6540 | D:8      | 6540 ||| Stepping ~*~*~tactically~*~*~ (hiding).
  6546 | D:8      | 6546 ||| INVOKING Heroism.
  6551 | D:8      | 6551 ||| Stepping ~*~*~tactically~*~*~ (cloud).
  6781 | D:8      | Noticed a two-headed ogre
  6782 | D:8      | 6782 ||| INVOKING Heroism.
  6787 | D:8      | Killed a two-headed ogre
  6875 | D:8      | 6875 ||| UPGRADING to +0 plate armour.
  6885 | D:8      | 6885 ||| DROPPING +0 chain mail.
  6886 | D:8      | 6886 ||| DROPPING +6 ring of intelligence.
  6916 | D:9      | 6916 ||| INVOKING Heroism.
  6934 | D:9      | 6934 ||| INVOKING Heroism.
  6999 | D:9      | 6999 ||| DROPPING +0 morningstar.
  7036 | D:9      | 7036 ||| Stepping ~*~*~tactically~*~*~ (hiding).
  7039 | D:9      | 7039 ||| Stepping ~*~*~tactically~*~*~ (stealth).
  7040 | D:9      | 7040 ||| Stepping ~*~*~tactically~*~*~ (hiding).
  7041 | D:9      | 7041 ||| INVOKING Heroism.
  7048 | D:9      | 7048 ||| Stepping ~*~*~tactically~*~*~ (hiding).
  7086 | D:9      | Reached skill level 9 in Fighting
  7099 | D:9      | 7099 ||| Stepping ~*~*~tactically~*~*~ (hiding).
  7103 | D:9      | Noticed a five-headed hydra
  7104 | D:9      | 7104 ||| INVOKING Heroism.
  7109 | D:9      | 7109 ||| SWAPPING to +0 heavy morningstar.
  7110 | D:9      | Noticed a five-headed hydra
  7117 | D:9      | Killed a five-headed hydra
  7117 | D:9      | HP: 14/71 [five-headed hydra (4)]
  7118 | D:9      | Reached skill level 6 in Shields
  7118 | D:9      | 7118 ||| READING 4 scrolls of teleportation.
  7118 | D:9      | HP: 6/71 [five-headed hydra (5)]
  7119 | D:9      | 7119 ||| DRINKING 3 potions of heal wounds.
  7121 | D:9      | Noticed a green ugly thing
  7122 | D:9      | 7122 ||| SWAPPING to +2 war axe of electrocution.
  7124 | D:9      | 7124 ||| INVOKING Heroism.
  7127 | D:9      | HP: 14/71 [green ugly thing (11)]
  7128 | D:9      | 7128 ||| READING 3 scrolls of teleportation.
  7129 | D:9      | 7129 ||| DRINKING 2 potions of heal wounds.
  7134 | D:9      | Killed a green ugly thing
  7280 | D:9      | Noticed a boulder beetle
  7281 | D:9      | 7281 ||| INVOKING Heroism.
  7300 | D:9      | Killed a boulder beetle
  7331 | D:9      | 7331 ||| Stepping ~*~*~tactically~*~*~ (stealth).
  7340 | D:9      | Noticed a two-headed ogre
  7346 | D:9      | 7346 ||| INVOKING Heroism.
  7356 | D:9      | Killed a two-headed ogre
  7368 | D:9      | Reached *** piety under Okawaru
  7387 | D:9      | 7387 ||| Stepping ~*~*~tactically~*~*~ (stealth).
  7407 | D:9      | 7407 ||| Stepping ~*~*~tactically~*~*~ (stealth).
  7408 | D:9      | 7408 ||| Stepping ~*~*~tactically~*~*~ (stealth).
  7416 | D:9      | 7416 ||| INVOKING Heroism.
  7448 | D:9      | Found a staircase to the Lair.
  7504 | D:9      | 7504 ||| Stepping ~*~*~tactically~*~*~ (stealth).
  7508 | D:9      | 7508 ||| INVOKING Heroism.
  7639 | D:9      | Noticed a manticore
  7640 | D:9      | 7640 ||| Stepping ~*~*~tactically~*~*~ (hiding).
  7641 | D:9      | 7641 ||| Stepping ~*~*~tactically~*~*~ (hiding).
  7647 | D:9      | 7647 ||| INVOKING Heroism.
  7652 | D:9      | Killed a manticore
  7728 | D:9      | 7728 ||| Stepping ~*~*~tactically~*~*~ (stealth).
  7731 | D:9      | 7731 ||| Stepping ~*~*~tactically~*~*~ (hiding).
  7732 | D:9      | 7732 ||| Stepping ~*~*~tactically~*~*~ (hiding).
  7743 | D:9      | 7743 ||| Stepping ~*~*~tactically~*~*~ (hiding).
  7749 | D:9      | 7749 ||| INVOKING Heroism.
  7750 | D:9      | Noticed a cyclops
  7758 | D:9      | Reached XP level 12. HP: 51/77 MP: 13/15
  7858 | D:9      | 7858 ||| Stepping ~*~*~tactically~*~*~ (stealth).
  8158 | D:9      | 8158 ||| Stepping ~*~*~tactically~*~*~ (hiding).
  8248 | D:9      | Found a blossoming altar of Fedhas.
  8312 | D:9      | Found a glowing golden altar of the Shining One.
  8379 | D:9      | 8379 ||| PLANNING LAIR
  8379 | D:9      | 8379 ||| UPGRADING to +0 kite shield of fire resistance.
  8389 | D:9      | 8389 ||| DROPPING +0 buckler.
  8390 | D:9      | 8390 ||| READING 10 scrolls of identify.
  8390 | D:9      | 8390 ||| IDENTIFYING dark potion
  8391 | D:9      | 8391 ||| READING 9 scrolls of identify.
  8391 | D:9      | 8391 ||| IDENTIFYING puce potion
  8392 | D:9      | 8392 ||| DROPPING potion of ambrosia.
  8393 | D:9      | 8393 ||| DROPPING potion of brilliance.
  8402 | Lair:1   | Entered Level 1 of the Lair of Beasts
  8441 | Lair:1   | 8441 ||| Stepping ~*~*~tactically~*~*~ (stealth).
  8442 | Lair:1   | 8442 ||| Stepping ~*~*~tactically~*~*~ (stealth).
  8462 | Lair:1   | 8462 ||| Stepping ~*~*~tactically~*~*~ (stealth).
  8479 | Lair:1   | 8479 ||| INVOKING Heroism.
  8612 | Lair:1   | 8612 ||| SWAPPING to +0 broad axe.
  8613 | Lair:1   | 8613 ||| DROPPING +2 war axe of electrocution.
  8697 | Lair:1   | Reached **** piety under Okawaru
  9058 | Lair:1   | 9058 ||| READING scroll of enchant armour.
  9058 | Lair:1   | 9058 ||| ENCHANTING +0 helmet.
  9328 | Lair:1   | 9328 ||| INVOKING Heroism.
  9333 | Lair:1   | Reached skill level 9 in Shields
  9697 | Lair:1   | 9697 ||| UPGRADING to +0 pair of boots.
  9702 | Lair:1   | 9702 ||| UPGRADING to +0 cloak.
  9707 | Lair:1   | 9707 ||| DROPPING ring of willpower.
  9743 | Lair:2   | Noticed Nergalle
  9744 | Lair:2   | 9744 ||| INVOKING Heroism.
  9771 | Lair:2   | Killed Nergalle
  9772 | Lair:2   | Reached skill level 6 in Invocations
  9913 | Lair:2   | 9913 ||| INVOKING Heroism.
  9967 | Lair:2   | Noticed a boulder beetle
  9988 | Lair:2   | 9988 ||| INVOKING Heroism.
 10019 | Lair:2   | 10019 ||| INVOKING Heroism.
 10023 | Lair:2   | Killed a boulder beetle
 10129 | Lair:2   | 10129 ||| Stepping ~*~*~tactically~*~*~ (hiding).
 10140 | Lair:2   | 10140 ||| INVOKING Heroism.
 10161 | Lair:2   | 10161 ||| Stepping ~*~*~tactically~*~*~ (hiding).
 10180 | Lair:2   | 10180 ||| Stepping ~*~*~tactically~*~*~ (stealth).
 10186 | Lair:2   | 10186 ||| Stepping ~*~*~tactically~*~*~ (stealth).
 10188 | Lair:2   | 10188 ||| Stepping ~*~*~tactically~*~*~ (stealth).
 10206 | Lair:2   | Found a staircase to the Snake Pit.
 10224 | Lair:2   | 10224 ||| INVOKING Heroism.
 10389 | Lair:2   | 10389 ||| INVOKING Heroism.
 10435 | Lair:2   | Reached XP level 13. HP: 63/82 MP: 18/18
 10544 | Lair:2   | Noticed Erica
 10545 | Lair:2   | 10545 ||| INVOKING Heroism.
 10570 | Lair:2   | Killed Erica
 10804 | Lair:2   | 10804 ||| READING scroll labelled GADEXI WASE.
 10805 | Lair:2   | 10805 ||| DROPPING +0 heavy morningstar.
 10806 | Lair:2   | 10806 ||| READING scroll labelled NOVIKU RAAKU.
 10807 | Lair:2   | 10807 ||| READING 9 scrolls of identify.
 10807 | Lair:2   | 10807 ||| IDENTIFYING fuming golden potion
 11009 | Lair:3   | 11009 ||| READING scroll of enchant weapon.
 11009 | Lair:3   | 11009 ||| ENCHANTING +0 broad axe of flaming.
 11028 | Lair:3   | 11028 ||| INVOKING Heroism.
 11163 | Lair:3   | Received a gift from Okawaru
 11194 | Lair:3   | 11194 ||| Stepping ~*~*~tactically~*~*~ (stealth).
 11197 | Lair:3   | 11197 ||| Stepping ~*~*~tactically~*~*~ (stealth).
 11307 | Lair:3   | Found a dark tunnel.
 11345 | Lair:3   | 11345 ||| Stepping ~*~*~tactically~*~*~ (hiding).
 11544 | Lair:3   | 11544 ||| Stepping ~*~*~tactically~*~*~ (hiding).
 11547 | Lair:3   | 11547 ||| INVOKING Heroism.
 11678 | Lair:3   | Found a staircase to the Swamp.
 11679 | Lair:3   | 11679 ||| INVOKING Heroism.
 12130 | Lair:3   | 12130 ||| DROPPING ring of positive energy.
 12155 | Lair:4   | 12155 ||| Stepping ~*~*~tactically~*~*~ (stealth).
 12156 | Lair:4   | 12156 ||| Stepping ~*~*~tactically~*~*~ (stealth).
 12227 | Lair:4   | Identified the +6 scale mail of Beogh's Approval {Rampage
                  | Str+2 SInv}
 12312 | Lair:4   | Reached skill level 9 in Invocations
 12347 | Lair:4   | 12347 ||| INVOKING Heroism.
 12435 | Lair:4   | Reached skill level 14 in Axes
 12493 | Lair:4   | Reached ***** piety under Okawaru
 12954 | Lair:4   | 12954 ||| UPGRADING to +6 scale mail of Beogh's Approval
                  | {Rampage Str+2 SInv}.
 13006 | Lair:5   | Entered Level 5 of the Lair of Beasts
 13007 | Lair:5   | 13007 ||| INVOKING Heroism.
 13019 | Lair:5   | Received a gift from Okawaru
 13020 | Lair:5   | 13020 ||| INVOKING Finesse.
 13022 | Lair:5   | Reached skill level 3 in Dodging
 13035 | Lair:5   | HP: 19/83 [death yak (11)]
 13036 | Lair:5   | 13036 ||| READING 5 scrolls of teleportation.
 13037 | Lair:5   | 13037 ||| DRINKING 2 potions of heal wounds.
 13192 | Lair:5   | 13192 ||| Stepping ~*~*~tactically~*~*~ (stealth).
 13194 | Lair:5   | 13194 ||| INVOKING Heroism.
 13195 | Lair:5   | 13195 ||| INVOKING Finesse.
 13298 | Lair:5   | Gained mutation: Your large and strong wings let you fly.
                  | [Gargoyle growth]
 13298 | Lair:5   | Reached XP level 14. HP: 81/90 MP: 21/21
 13516 | Lair:5   | 13516 ||| Stepping ~*~*~tactically~*~*~ (stealth).
 13530 | Lair:5   | Reached skill level 12 in Shields
 13584 | Lair:5   | 13584 ||| Stepping ~*~*~tactically~*~*~ (stealth).
 13599 | Lair:5   | 13599 ||| INVOKING Heroism.
 13616 | Lair:5   | 13616 ||| Stepping ~*~*~tactically~*~*~ (stealth).
 13622 | Lair:5   | 13622 ||| INVOKING Heroism.
 13648 | Lair:5   | 13648 ||| Stepping ~*~*~tactically~*~*~ (stealth).
 13706 | Lair:5   | 13706 ||| Stepping ~*~*~tactically~*~*~ (stealth).
 13707 | Lair:5   | 13707 ||| Stepping ~*~*~tactically~*~*~ (stealth).
 13708 | Lair:5   | 13708 ||| Stepping ~*~*~tactically~*~*~ (stealth).
 13710 | Lair:5   | 13710 ||| Stepping ~*~*~tactically~*~*~ (stealth).
 13722 | Lair:5   | Received a gift from Okawaru
 13777 | Lair:5   | 13777 ||| Stepping ~*~*~tactically~*~*~ (stealth).
 13779 | Lair:5   | 13779 ||| INVOKING Heroism.
 13820 | Lair:5   | 13820 ||| Stepping ~*~*~tactically~*~*~ (stealth).
 13858 | Lair:5   | 13858 ||| Stepping ~*~*~tactically~*~*~ (stealth).
 13871 | Lair:5   | 13871 ||| INVOKING Heroism.
 13873 | Lair:5   | Received a gift from Okawaru
 14003 | Lair:5   | Found a staircase to the Slime Pits.
 14004 | Lair:5   | Found a viscous altar of Jiyva.
 14126 | Lair:5   | 14126 ||| Stepping ~*~*~tactically~*~*~ (stealth).
 14142 | Lair:5   | Reached skill level 15 in Axes
 14519 | Lair:5   | 14519 ||| Stepping ~*~*~tactically~*~*~ (stealth).
 14664 | Lair:5   | 14664 ||| PLANNING D:1-11
 14779 | D:10     | Entered Level 10 of the Dungeon
 14796 | D:10     | 14796 ||| Stepping ~*~*~tactically~*~*~ (stealth).
 14846 | D:10     | 14846 ||| READING scroll of enchant armour.
 14846 | D:10     | 14846 ||| ENCHANTING +1 helmet.
 15004 | D:10     | 15004 ||| Stepping ~*~*~tactically~*~*~ (stealth).
 15223 | D:10     | 15223 ||| Stepping ~*~*~tactically~*~*~ (stealth).
 15515 | D:10     | 15515 ||| DROPPING +2 pair of gloves.
 15596 | D:11     | 15596 ||| INVOKING Heroism.
 15807 | D:11     | Reached skill level 12 in Fighting
 15881 | D:11     | 15881 ||| Stepping ~*~*~tactically~*~*~ (hiding).
 15922 | D:11     | Found a portal to a secret trove of treasure.
 16037 | D:11     | Found a staircase to the Orcish Mines.
 16087 | D:11     | 16087 ||| Stepping ~*~*~tactically~*~*~ (stealth).
 16117 | D:11     | Received a gift from Okawaru
 16504 | D:11     | 16504 ||| PLANNING D
 16504 | D:11     | 16504 ||| DROPPING +0 plate armour.
 16505 | D:11     | 16505 ||| UPGRADING to amulet of reflection.
 16719 | D:12     | 16719 ||| Stepping ~*~*~tactically~*~*~ (hiding).
 16927 | D:12     | Found a sparkling altar of Nemelex Xobeh.
 17038 | D:12     | 17038 ||| Stepping ~*~*~tactically~*~*~ (stealth).
 17042 | D:12     | 17042 ||| INVOKING Heroism.
 17052 | D:12     | Identified the +1 helmet of the Everdark {+Blink} (Okawaru
                  | gifted it to you on level 12 of the Dungeon)
 17052 | D:12     | Received a gift from Okawaru
 17249 | D:12     | 17249 ||| DROPPING +1 helmet of the Everdark {+Blink}.
 17250 | D:12     | 17250 ||| DROPPING amulet of regeneration.
 17267 | D:13     | Noticed Kirke
 17268 | D:13     | 17268 ||| INVOKING Heroism.
 17269 | D:13     | 17269 ||| INVOKING Finesse.
 17286 | D:13     | Killed Kirke
 17360 | D:13     | 17360 ||| Stepping ~*~*~tactically~*~*~ (stealth).
 17364 | D:13     | 17364 ||| Stepping ~*~*~tactically~*~*~ (hiding).
 17373 | D:13     | 17373 ||| INVOKING Heroism.
 17406 | D:13     | 17406 ||| Stepping ~*~*~tactically~*~*~ (stealth).
 17418 | D:13     | 17418 ||| INVOKING Heroism.
 17435 | D:13     | Reached skill level 16 in Axes
 17444 | D:13     | Reached XP level 15. HP: 86/96 MP: 22/22
 17555 | D:13     | 17555 ||| Stepping ~*~*~tactically~*~*~ (stealth).
 17654 | D:13     | Found a shimmering altar of Xom.
 17724 | D:13     | 17724 ||| Stepping ~*~*~tactically~*~*~ (stealth).
 17728 | D:13     | 17728 ||| Stepping ~*~*~tactically~*~*~ (stealth).
 17786 | D:13     | 17786 ||| Stepping ~*~*~tactically~*~*~ (stealth).
 17787 | D:13     | 17787 ||| Stepping ~*~*~tactically~*~*~ (stealth).
 18323 | D:14     | Noticed Nessos
 18323 | D:14     | Noticed Urug
 18323 | D:14     | Found a gate to the Vaults.
 18324 | D:14     | 18324 ||| INVOKING Heroism.
 18341 | D:14     | Killed Nessos
 18342 | D:14     | Killed Urug
 18474 | D:14     | 18474 ||| Stepping ~*~*~tactically~*~*~ (hiding).
 18513 | D:14     | 18513 ||| Stepping ~*~*~tactically~*~*~ (hiding).
 18606 | D:14     | Found a runed translucent door.
 18751 | D:14     | 18751 ||| INVOKING Heroism.
 18839 | D:14     | 18839 ||| INVOKING Heroism.
 18841 | D:14     | Reached skill level 3 in Throwing
 19007 | D:14     | 19007 ||| Stepping ~*~*~tactically~*~*~ (stealth).
 19053 | D:14     | 19053 ||| Stepping ~*~*~tactically~*~*~ (stealth).
 19054 | D:14     | 19054 ||| Stepping ~*~*~tactically~*~*~ (stealth).
 19219 | D:14     | 19219 ||| READING scroll of enchant weapon.
 19219 | D:14     | 19219 ||| ENCHANTING +1 broad axe of flaming.
 19359 | D:14     | Noticed Kilet's ghost (adept GrEE)
 19361 | D:14     | 19361 ||| READING scroll labelled CIUMAENE SUMUGI.
 19391 | D:15     | Entered Level 15 of the Dungeon
 19450 | D:15     | 19450 ||| Stepping ~*~*~tactically~*~*~ (hiding).
 19455 | D:15     | 19455 ||| INVOKING Heroism.
 19481 | D:15     | Received a gift from Okawaru
 19503 | D:15     | 19503 ||| INVOKING Heroism.
 19822 | D:15     | Identified the +3 war axe "Xatwya" {pain, rN++} (Okawaru
                  | gifted it to you on level 15 of the Dungeon)
 19822 | D:15     | Received a gift from Okawaru
 19841 | D:15     | 19841 ||| DROPPING +3 war axe "Xatwya" {pain, rN++}.
 19846 | D:15     | Found an ornate altar of the Wu Jian Council.
 19863 | D:15     | 19863 ||| Stepping ~*~*~tactically~*~*~ (stealth).
 19872 | D:15     | 19872 ||| INVOKING Heroism.
 19882 | D:15     | Reached skill level 17 in Axes
 20067 | D:15     | 20067 ||| Stepping ~*~*~tactically~*~*~ (hiding).
 20069 | D:15     | 20069 ||| Stepping ~*~*~tactically~*~*~ (hiding).
 20070 | D:15     | 20070 ||| Stepping ~*~*~tactically~*~*~ (hiding).
 20196 | D:15     | 20196 ||| Stepping ~*~*~tactically~*~*~ (stealth).
 20206 | D:15     | 20206 ||| INVOKING Heroism.
 20208 | D:15     | 20208 ||| READING 6 scrolls of teleportation.
 20374 | D:15     | 20374 ||| Stepping ~*~*~tactically~*~*~ (stealth).
 20376 | D:15     | 20376 ||| Stepping ~*~*~tactically~*~*~ (stealth).
 20391 | D:15     | 20391 ||| INVOKING Heroism.
 20858 | D:15     | Found a staircase to the Depths.
 20858 | D:15     | Noticed a frost giant
 20865 | D:15     | 20865 ||| INVOKING Heroism.
 20873 | D:15     | Killed a frost giant
 21042 | D:15     | 21042 ||| PLANNING ORC
 21042 | D:15     | 21042 ||| READING scroll labelled RES BA POALUITTY.
 21164 | Orc:1    | Entered Level 1 of the Orcish Mines
 21164 | Orc:1    | Noticed an orc warlord
 21164 | Orc:1    | Noticed an orc warlord
 21165 | Orc:1    | 21165 ||| INVOKING Heroism.
 21184 | Orc:1    | 21184 ||| STAIRDANCE
 21188 | D:11     | Killed an orc warlord
 21354 | Orc:1    | 21354 ||| INVOKING Heroism.
 21359 | Orc:1    | Killed an orc warlord
 21360 | Orc:1    | Reached skill level 6 in Throwing
 21360 | Orc:1    | Reached XP level 16. HP: 104/104 MP: 20/23
 21491 | Orc:1    | 21491 ||| Stepping ~*~*~tactically~*~*~ (stealth).
 21492 | Orc:1    | 21492 ||| Stepping ~*~*~tactically~*~*~ (stealth).
 21493 | Orc:1    | 21493 ||| Stepping ~*~*~tactically~*~*~ (stealth).
 21556 | Orc:1    | 21556 ||| INVOKING Heroism.
 21568 | Orc:1    | Noticed Jorgrun
 21584 | Orc:1    | Killed Jorgrun
 21811 | Orc:1    | 21811 ||| Stepping ~*~*~tactically~*~*~ (hiding).
 22094 | Orc:2    | Entered Level 2 of the Orcish Mines
 22292 | Orc:2    | Found Fanoqyle's Jewellery Emporium.
 22306 | Orc:2    | 22306 ||| BUYING +6 ring of strength (576 gold).
 22306 | Orc:2    | Bought a +6 ring of strength for 576 gold pieces
 22306 | Orc:2    | 22306 ||| BUYING ring of Xom's Whimsicality {rF+++ rN+
                  | Str-2 Dex+3 Stlth+} (1070 gold).
 22306 | Orc:2    | Bought the ring of Xom's Whimsicality {rF+++ rN+ Str-2
                  | Dex+3 Stlth+} for 1070 gold pieces
 22306 | Orc:2    | 22306 ||| BUYING ring of ice (400 gold).
 22306 | Orc:2    | Bought a ring of ice for 400 gold pieces
 22306 | Orc:2    | 22306 ||| BUYING ring of resist corrosion (320 gold).
 22306 | Orc:2    | Bought a ring of resist corrosion for 320 gold pieces
 22306 | Orc:2    | 22306 ||| SHOPLISTING ring of see invisible (240 gold, have
                  | 94).
 22306 | Orc:2    | Found a staircase to the Elven Halls.
 22356 | Orc:2    | 22356 ||| INVOKING Heroism.
 22357 | Orc:2    | 22357 ||| Stepping ~*~*~tactically~*~*~ (stealth).
 22360 | Orc:2    | 22360 ||| Stepping ~*~*~tactically~*~*~ (hiding).
 22361 | Orc:2    | 22361 ||| Stepping ~*~*~tactically~*~*~ (hiding).
 22485 | Orc:2    | 22485 ||| INVOKING Heroism.
 22543 | Orc:2    | 22543 ||| Stepping ~*~*~tactically~*~*~ (stealth).
 22544 | Orc:2    | 22544 ||| INVOKING Heroism.
 22738 | Orc:2    | 22738 ||| Stepping ~*~*~tactically~*~*~ (stealth).
 22740 | Orc:2    | 22740 ||| Stepping ~*~*~tactically~*~*~ (hiding).
 22741 | Orc:2    | 22741 ||| INVOKING Heroism.
 22770 | Orc:2    | HP: 22/104 [sun demon[an orc high priest] (9)]
 22771 | Orc:2    | 22771 ||| READING 5 scrolls of teleportation.
 22772 | Orc:2    | 22772 ||| DRINKING 5 potions of heal wounds.
 23033 | Orc:2    | 23033 ||| Stepping ~*~*~tactically~*~*~ (stealth).
 23034 | Orc:2    | 23034 ||| Stepping ~*~*~tactically~*~*~ (stealth).
 23035 | Orc:2    | 23035 ||| INVOKING Heroism.
 23039 | Orc:2    | 23039 ||| Stepping ~*~*~tactically~*~*~ (stealth).
 23076 | Orc:2    | 23076 ||| INVOKING Heroism.
 23307 | Orc:2    | 23307 ||| Stepping ~*~*~tactically~*~*~ (stealth).
 23335 | Orc:2    | Found Xefolek's Armour Boutique.
 23335 | Orc:2    | Found Sohohopn's General Store.
 23336 | Orc:2    | Found Mautz's Armour Shop.
 23336 | Orc:2    | Found Viclaet's Weapon Boutique.
 23344 | Orc:2    | 23344 ||| SHOPLISTING +3 plate armour of poison resistance
                  | (546 gold, have 195).
 23344 | Orc:2    | 23344 ||| BUYING potion of might (52 gold).
 23344 | Orc:2    | Bought a potion of might for 52 gold pieces
 23345 | Orc:2    | 23345 ||| SHOPLISTING +6 chain mail "Burph" {rCorr Str-3
                  | Int+5} (666 gold, have 143).
 23348 | Orc:2    | 23348 ||| SHOPLISTING +2 cloak of the Thief {*Fog Slay-2
                  | SInv Stlth+} (281 gold, have 143).
 23355 | Orc:2    | 23355 ||| PLANNING SNAKE:1-3
 23355 | Orc:2    | 23355 ||| DROPPING +6 ring of dexterity.
 23356 | Orc:2    | 23356 ||| UPGRADING to +6 ring of strength.
 23548 | Snake:1  | Entered Level 1 of the Snake Pit
 23574 | Snake:1  | 23574 ||| INVOKING Heroism.
 23781 | Snake:1  | 23781 ||| Stepping ~*~*~tactically~*~*~ (hiding).
 23782 | Snake:1  | 23782 ||| Stepping ~*~*~tactically~*~*~ (hiding).
 23784 | Snake:1  | 23784 ||| Stepping ~*~*~tactically~*~*~ (hiding).
 23789 | Snake:1  | 23789 ||| Stepping ~*~*~tactically~*~*~ (hiding).
 23790 | Snake:1  | 23790 ||| Stepping ~*~*~tactically~*~*~ (hiding).
 23792 | Snake:1  | 23792 ||| Stepping ~*~*~tactically~*~*~ (hiding).
 24004 | Snake:1  | 24004 ||| Stepping ~*~*~tactically~*~*~ (hiding).
 24180 | Snake:2  | 24180 ||| Stepping ~*~*~tactically~*~*~ (hiding).
 24182 | Snake:2  | 24182 ||| Stepping ~*~*~tactically~*~*~ (hiding).
 24219 | Snake:2  | 24219 ||| INVOKING Heroism.
 24235 | Snake:2  | Reached skill level 18 in Axes
 24295 | Snake:2  | 24295 ||| INVOKING Heroism.
 24339 | Snake:2  | Found an ancient bone altar of Kikubaaqudgha.
 24340 | Snake:2  | 24340 ||| Stepping ~*~*~tactically~*~*~ (hiding).
 24448 | Snake:2  | 24448 ||| Stepping ~*~*~tactically~*~*~ (hiding).
 24497 | Snake:2  | 24497 ||| Stepping ~*~*~tactically~*~*~ (hiding).
 24573 | Snake:2  | 24573 ||| INVOKING Heroism.
 24839 | Snake:2  | 24839 ||| Stepping ~*~*~tactically~*~*~ (hiding).
 25014 | Snake:2  | 25014 ||| Stepping ~*~*~tactically~*~*~ (hiding).
 25020 | Snake:2  | 25020 ||| Stepping ~*~*~tactically~*~*~ (hiding).
 25032 | Snake:2  | 25032 ||| INVOKING Heroism.
 25035 | Snake:2  | Received a gift from Okawaru
 25170 | Snake:2  | 25170 ||| Stepping ~*~*~tactically~*~*~ (stealth).
 25417 | Snake:2  | 25417 ||| Stepping ~*~*~tactically~*~*~ (hiding).
 25418 | Snake:2  | 25418 ||| Stepping ~*~*~tactically~*~*~ (hiding).
 25624 | Snake:2  | 25624 ||| INVOKING Heroism.
 25689 | Snake:2  | 25689 ||| Stepping ~*~*~tactically~*~*~ (stealth).
 25690 | Snake:2  | 25690 ||| Stepping ~*~*~tactically~*~*~ (stealth).
 25785 | Snake:2  | 25785 ||| Stepping ~*~*~tactically~*~*~ (hiding).
 25786 | Snake:2  | 25786 ||| Stepping ~*~*~tactically~*~*~ (hiding).
 25939 | Snake:2  | 25939 ||| Stepping ~*~*~tactically~*~*~ (hiding).
 25943 | Snake:2  | 25943 ||| Stepping ~*~*~tactically~*~*~ (hiding).
 25944 | Snake:2  | 25944 ||| Stepping ~*~*~tactically~*~*~ (hiding).
 26217 | Snake:3  | 26217 ||| STAIRDANCE
 26299 | Snake:3  | Received a gift from Okawaru
 26300 | Snake:3  | Reached XP level 17. HP: 112/112 MP: 24/24
 26309 | Snake:3  | 26309 ||| Stepping ~*~*~tactically~*~*~ (hiding).
 26310 | Snake:3  | 26310 ||| Stepping ~*~*~tactically~*~*~ (hiding).
 26341 | Snake:3  | 26341 ||| INVOKING Heroism.
 26444 | Snake:3  | 26444 ||| Stepping ~*~*~tactically~*~*~ (hiding).
 26445 | Snake:3  | 26445 ||| Stepping ~*~*~tactically~*~*~ (hiding).
 26570 | Snake:3  | Noticed Bai Suzhen
 26571 | Snake:3  | 26571 ||| INVOKING Heroism.
 26572 | Snake:3  | 26572 ||| INVOKING Finesse.
 26580 | Snake:3  | Killed Bai Suzhen
 26581 | Snake:3  | 26581 ||| Stepping ~*~*~tactically~*~*~ (cloud).
 26765 | Snake:3  | Noticed Aizul
 26766 | Snake:3  | 26766 ||| INVOKING Heroism.
 26770 | Snake:3  | Received a gift from Okawaru
 26784 | Snake:3  | Killed Aizul
 26926 | Snake:3  | 26926 ||| Stepping ~*~*~tactically~*~*~ (hiding).
 26928 | Snake:3  | 26928 ||| Stepping ~*~*~tactically~*~*~ (hiding).
 26934 | Snake:3  | 26934 ||| INVOKING Heroism.
 27101 | Snake:3  | 27101 ||| PLANNING SWAMP:1-3
 27260 | Swamp:1  | Entered Level 1 of the Swamp
 27274 | Swamp:1  | 27274 ||| Stepping ~*~*~tactically~*~*~ (stealth).
 27275 | Swamp:1  | 27275 ||| Stepping ~*~*~tactically~*~*~ (stealth).
 27276 | Swamp:1  | 27276 ||| INVOKING Heroism.
 27277 | Swamp:1  | 27277 ||| Stepping ~*~*~tactically~*~*~ (stealth).
 27297 | Swamp:1  | Reached skill level 15 in Fighting
 27456 | Swamp:1  | 27456 ||| Stepping ~*~*~tactically~*~*~ (hiding).
 27515 | Swamp:1  | 27515 ||| INVOKING Heroism.
 27589 | Swamp:1  | Received a gift from Okawaru
 28125 | Swamp:1  | 28125 ||| Stepping ~*~*~tactically~*~*~ (hiding).
 28181 | Swamp:1  | Received a gift from Okawaru
 28383 | Swamp:2  | 28383 ||| INVOKING Heroism.
 28410 | Swamp:2  | 28410 ||| Stepping ~*~*~tactically~*~*~ (stealth).
 28411 | Swamp:2  | 28411 ||| Stepping ~*~*~tactically~*~*~ (stealth).
 28413 | Swamp:2  | 28413 ||| Stepping ~*~*~tactically~*~*~ (stealth).
 28435 | Swamp:2  | 28435 ||| Stepping ~*~*~tactically~*~*~ (hiding).
 28436 | Swamp:2  | 28436 ||| Stepping ~*~*~tactically~*~*~ (hiding).
 28492 | Swamp:2  | 28492 ||| Stepping ~*~*~tactically~*~*~ (stealth).
 28505 | Swamp:2  | 28505 ||| INVOKING Heroism.
 28517 | Swamp:2  | 28517 ||| Stepping ~*~*~tactically~*~*~ (stealth).
 28539 | Swamp:2  | 28539 ||| READING scroll labelled LUSABE NUFANEX.
 28548 | Swamp:1  | 28548 ||| INVOKING Heroism.
 28577 | Swamp:1  | 28577 ||| Stepping ~*~*~tactically~*~*~ (hiding).
 28587 | Swamp:1  | 28587 ||| Stepping ~*~*~tactically~*~*~ (stealth).
 28607 | Swamp:1  | 28607 ||| INVOKING Heroism.
 28609 | Swamp:1  | 28609 ||| Stepping ~*~*~tactically~*~*~ (hiding).
 28712 | Swamp:2  | 28712 ||| Stepping ~*~*~tactically~*~*~ (stealth).
 28729 | Swamp:2  | Reached skill level 9 in Throwing
 28740 | Swamp:2  | 28740 ||| INVOKING Heroism.
 28763 | Swamp:2  | HP: 28/113 [spriggan/+0 spear[a spriggan druid] (2)]
 28764 | Swamp:2  | 28764 ||| READING 4 scrolls of teleportation.
 28765 | Swamp:2  | 28765 ||| DRINKING 4 potions of heal wounds.
 28769 | Swamp:2  | HP: 26/113 [spriggan rider/stone[a spriggan druid] (9)]
 28770 | Swamp:2  | 28770 ||| DRINKING 3 potions of heal wounds.
 28795 | Swamp:2  | Reached skill level 15 in Shields
 28795 | Swamp:2  | 28795 ||| INVOKING Heroism.
 28796 | Swamp:2  | HP: 27/113 [spriggan rider/+0 spear[a spriggan druid] (4)]
 28797 | Swamp:2  | 28797 ||| READING 3 scrolls of teleportation.
 28798 | Swamp:2  | 28798 ||| DRINKING 2 potions of heal wounds.
 28972 | Swamp:2  | 28972 ||| INVOKING Heroism.
 29002 | Swamp:2  | 29002 ||| Stepping ~*~*~tactically~*~*~ (hiding).
 29004 | Swamp:2  | 29004 ||| Stepping ~*~*~tactically~*~*~ (hiding).
 29006 | Swamp:2  | 29006 ||| INVOKING Finesse.
 29299 | Swamp:2  | 29299 ||| Stepping ~*~*~tactically~*~*~ (stealth).
 29300 | Swamp:2  | 29300 ||| Stepping ~*~*~tactically~*~*~ (stealth).
 29516 | Swamp:3  | 29516 ||| INVOKING Heroism.
 29530 | Swamp:3  | 29530 ||| Stepping ~*~*~tactically~*~*~ (stealth).
 29631 | Swamp:3  | 29631 ||| INVOKING Heroism.
 29753 | Swamp:3  | 29753 ||| Stepping ~*~*~tactically~*~*~ (stealth).
 29768 | Swamp:3  | 29768 ||| Stepping ~*~*~tactically~*~*~ (stealth).
 29778 | Swamp:3  | 29778 ||| Stepping ~*~*~tactically~*~*~ (stealth).
 29779 | Swamp:3  | 29779 ||| Stepping ~*~*~tactically~*~*~ (stealth).
 29780 | Swamp:3  | 29780 ||| Stepping ~*~*~tactically~*~*~ (stealth).
 29818 | Swamp:3  | 29818 ||| INVOKING Heroism.
 29832 | Swamp:3  | Received a gift from Okawaru
 29840 | Swamp:3  | 29840 ||| Stepping ~*~*~tactically~*~*~ (cloud).
 29840 | Swamp:3  | HP: 23/115 [bog body (16)]
 29841 | Swamp:3  | 29841 ||| READING 2 scrolls of teleportation.
 29842 | Swamp:3  | 29842 ||| DRINKING potion of heal wounds.
 29842 | Swamp:3  | Noticed a tentacled monstrosity
 29843 | Swamp:3  | 29843 ||| INVOKING Heroism.
 29846 | Swamp:3  | HP: 22/115 [alligator (14)]
 29847 | Swamp:3  | 29847 ||| READING scroll of teleportation.
 29863 | Swamp:3  | 29863 ||| Stepping ~*~*~tactically~*~*~ (hiding).
 29864 | Swamp:3  | 29864 ||| Stepping ~*~*~tactically~*~*~ (hiding).
 29871 | Swamp:3  | HP: 15/115 [eleionoma/spray of wooden splinters (6)]
 29891 | Swamp:3  | HP: 16/115 [three-headed hydra (7)]
 29892 | Swamp:3  | 29892 ||| INVOKING Heroism.
 30079 | Swamp:3  | 30079 ||| Stepping ~*~*~tactically~*~*~ (stealth).
 30091 | Swamp:3  | 30091 ||| Stepping ~*~*~tactically~*~*~ (stealth).
 30176 | Swamp:3  | 30176 ||| INVOKING Heroism.
 30181 | Swamp:3  | Reached XP level 18. HP: 112/120 MP: 22/25
 30284 | Swamp:3  | 30284 ||| INVOKING Heroism.
 30296 | Swamp:3  | Killed a tentacled monstrosity
 30324 | Swamp:3  | 30324 ||| Stepping ~*~*~tactically~*~*~ (stealth).
 30339 | Swamp:3  | 30339 ||| INVOKING Heroism.
 30340 | Swamp:3  | HP: 18/122 [bog body (28)]
 31047 | Swamp:3  | 31047 ||| PLANNING SNAKE:4
 31047 | Swamp:3  | 31047 ||| DROPPING scarf of invisibility.
 31297 | Snake:4  | Entered Level 4 of the Snake Pit
 31313 | Snake:4  | 31313 ||| INVOKING Heroism.
 31318 | Snake:4  | Received a gift from Okawaru
 31321 | Snake:4  | HP: 24/122 [naga/+0 trident (9)]
 31322 | Snake:4  | 31322 ||| DRINKING potion of heal wounds.
 31328 | Snake:4  | HP: 28/122 [constriction (5)]
 31329 | Snake:4  | HP: 3/122 [naga warrior/+0 trident (26)]
 31331 | Snake:4  | Demolished by a naga warrior

Levels and vault maps discovered:
D:1:      dpeg_arrival_lava_altar, layout_basic, serial_shops, shop
D:2:      layout_rooms, uniq_jessica
D:3:      layout_rooms, kennysheep_okawaru_gauntlet, nzn_hepliaklqana_mist_gate,
          elyvilon_altar_5
D:4:      layout_basic, amcnicky_altar_gilded, ebering_ghost_sewer_f
D:5:      layout_loops_corners
D:6:      layout_cave_pools, kennysheep_mini, minmay_temple_entry_poolview,
          gup_ossuary_entry_pyramid, gup_sewer_entry_bowl,
          nicolae_figureground_pulse, uniq_edmund
D:7:      layout_basic, grunt_dithmenos_smoke_and_mirrors, ebering_ghost_xom,
          uniq_crazy_yiuf_cottage
D:8:      layout_cave_pools, uniq_grum
D:9:      nzn_winding_woodlands_stair_cross [nzn_winding_woodlands_5x15_garden,
          nzn_winding_woodlands_center_triple_pond,
          nzn_winding_woodlands_5x15_sidewinder,
          nzn_winding_woodlands_5x5_open_star, nzn_winding_woodlands_hourglass,
          nzn_winding_woodlands_5x15_pool,
          nzn_winding_woodlands_center_diamonds,
          nzn_winding_woodlands_5x15_eye], layout_cave_pools,
          mainiacjoe_overflow_tiny_flanked, mainiacjoe_overflow_24_doors,
          serial_ice, serial_ice_f, serial_ice_n, serial_ice_k, serial_ice_d,
          nzn_sisyphean_effort
D:10:     layout_basic
D:11:     layout_basic, minmay_orc_entry_temple_small, enter_trove_2
D:12:     layout_basic, nemelex_diamond_rough_becter
D:13:     layout_roguey, tgw_xom, uniq_kirke
D:14:     layout_stronghold, david_vaults_3, ebering_ghost_reflecting_pool,
          roderic_roman_lattice
D:15:     grunt_enter_depths_snipers, layout_irregular_city,
          nzn_wu_jian_contemplation
Lair:1:   layout_small_grid, minivault_11, lemuel_fruit_fields,
          grunt_megastairs_3
Lair:2:   layout_chaotic_city, guppyfry_snake_entry_garden, grunt_megastairs_2,
          uniq_nergalle, uniq_urug, uniq_erica
Lair:3:   layout_roguey, nicolae_swamp_entry_splash_gauntlet,
          nicolae_volcano_entry_s_turn
Lair:4:   layout_roguey, hangedman_lair_unloving_vines, serial_bayou_pond_c
Lair:5:   hangedman_lair_tendril_chambers, layout_small_grid, slime_entry_1
Swamp:1:  nicolae_swamp_secret_spriggan_hideout, layout_basic_swamp,
          evilmike_swamp_ruin_house_4, swamp_pool1, nzn_swamp_dancing_lights
Swamp:2:  layout_falls_marsh, nicolae_swamp_feature_on_the_river_bank,
          swamp_pool5, infiniplex_staircase_pool
Swamp:3:  layout_basic_swamp, hangedman_swamp_lotus, swamp_pool1
Snake:1:  layout_grid_shapes
Snake:2:  layout_grid_maze, basic_altar
Snake:3:  layout_gridlike, nicolae_snake_springs, uniq_bai_suzhen, uniq_aizul
Snake:4:  minmay_snake_end_coiled, layout_rooms, uniq_asterion
Orc:1:    layout_caves, uniq_jorgrun
Orc:2:    st_orc_pillars, layout_diamond_mine, serial_shops,
          nicolae_shop_statue_plus, basic_altar

Skill      XL: |  1  2  3  4  5  6  7  8  9 10 11 12 13 14 15 16 17 |
---------------+----------------------------------------------------+-----
Axes           | 2 3 4 5 6 13 14 16 17 18 | 18.0
Fighting       | 4 5 7 10 11 12 13 14 16 | 16.9
Invocations    | 3 4 7 10 | 10.0
Dodging        | 1 2 3 4 5 |  5.0
Throwing       | 1 2 6 9 |  9.0
Armour         | 10 11 | 11.0
Shields        | 4 6 10 11 12 13 14 15 | 15.0

Action                     |  1- 3 |  4- 6 |  7- 9 | 10-12 | 13-15 | 16-18 || total
---------------------------+-------+-------+-------+-------+-------+-------++-------
  Melee: War axe           |    58 |   159 |    87 |   379 |       |       ||   683
         Morningstar       |       |       |       |    10 |       |       ||    10
         Broad axe         |       |       |       |   219 |   981 |   962 ||  2162
  Throw: Boomerang         |     9 |    73 |    18 |    55 |   138 |    42 ||   335
         Javelin           |       |       |       |       |    38 |   109 ||   147
 Invoke: Heroism           |       |       |     4 |    29 |    27 |    35 ||    95
         Finesse           |       |       |       |       |     3 |     2 ||     5
    Use: Scroll            |     5 |     6 |     8 |     8 |    10 |     6 ||    43
         Potion            |       |     5 |     2 |     2 |     1 |     6 ||    16
   Stab: Distracted        |       |       |       |       |     1 |       ||     1
         Confused          |       |       |       |       |       |     2 ||     2
 Armour: Scale mail        |    15 |       |       |       |   356 |   363 ||   734
         Chain mail        |    23 |   107 |    60 |    90 |       |       ||   280
         Plate armour      |       |       |       |   329 |   101 |       ||   430
  Dodge: Dodged            |    19 |    65 |    43 |   214 |   231 |   239 ||   811
  Block: Buckler           |     8 |    37 |    24 |    89 |       |       ||   158
         Kite shield       |       |       |       |   116 |   539 |   711 ||  1366
         Reflection        |       |       |       |       |    21 |    54 ||    75

Table legend:
 A = Non-vault XP
 B = Vault XP
 C = Vault XP percentage of total XP
 D = Non-vault monster count
 E = Vault monster count
 F = Vault count percentage of total count
                 A         B        C        D         E       F
            +---------+---------+-------+---------+---------+-------
      Total |  182757 |   68809 |  27.4 |     680 |     224 |  24.8
            +---------+---------+-------+---------+---------+-------
        D:1 |      13 |       0 |   0.0 |       8 |       0 |   0.0
        D:2 |     126 |      37 |  22.7 |      20 |       1 |   4.8
        D:3 |      52 |       4 |   7.1 |      16 |       2 |  11.1
        D:4 |     411 |       0 |   0.0 |      22 |       0 |   0.0
        D:5 |     729 |     178 |  19.6 |      18 |       1 |   5.3
        D:6 |     707 |      35 |   4.7 |      17 |       4 |  19.0
        D:7 |     706 |       0 |   0.0 |      17 |       0 |   0.0
        D:8 |    2287 |     643 |  21.9 |      41 |       5 |  10.9
        D:9 |    2426 |    6191 |  71.8 |      34 |      27 |  44.3
       D:10 |    2963 |       0 |   0.0 |      14 |       0 |   0.0
       D:11 |    5662 |     130 |   2.2 |      41 |       7 |  14.6
       D:12 |    3723 |       0 |   0.0 |      13 |       0 |   0.0
       D:13 |    8889 |    3296 |  27.0 |      18 |      13 |  41.9
       D:14 |    4338 |    6532 |  60.1 |      14 |      20 |  58.8
       D:15 |   20151 |    2900 |  12.6 |      33 |       3 |   8.3
     Lair:1 |    5708 |     490 |   7.9 |      24 |       2 |   7.7
     Lair:2 |    5550 |    4035 |  42.1 |      14 |      10 |  41.7
     Lair:3 |    3589 |    2427 |  40.3 |       8 |       6 |  42.9
     Lair:4 |    3491 |       0 |   0.0 |      18 |       0 |   0.0
     Lair:5 |   13931 |   10280 |  42.5 |      34 |      36 |  51.4
    Swamp:1 |   12606 |    9186 |  42.2 |      28 |      19 |  40.4
    Swamp:2 |   15323 |     402 |   2.6 |      30 |       3 |   9.1
    Swamp:3 |   20996 |       0 |   0.0 |      31 |       0 |   0.0
    Snake:1 |    3389 |       0 |   0.0 |       8 |       0 |   0.0
    Snake:2 |   27791 |     727 |   2.5 |      65 |       1 |   1.5
    Snake:3 |    8708 |    7409 |  46.0 |      15 |       7 |  31.8
    Snake:4 |     833 |    2709 |  76.5 |       3 |       6 |  66.7
      Orc:1 |    5227 |    1868 |  26.3 |      55 |       1 |   1.8
      Orc:2 |    2432 |    9330 |  79.3 |      21 |      50 |  70.4
            +---------+---------+-------+---------+---------+-------
